AoeStats
← FeelsBatman69

Black Forest

504904347Analyzed
2v2 RM · 25d ago on Sep 7, 2026· 39m 38s· 4 players
Game mode
Random Map
Map size
Medium (4 player)
Population
200
Speed
Normal
Resources
Standard
Victory
Conquest
Starting age
Dark Age
Ending age
Imperial Age
RankedLock teamsTeams togetherTeam positionsShared explorationLock speedFull tech treeHidden civsTurbo modeCheats
Victory
Defeat
🇨🇱 Cumans · Chile
572
+14
🇨🇱 Hindustanis · Chile
554
+15
🇺🇸 Maya · United States
566
-17
🇺🇸 Khmer · United States
480
-12
EL Loodo
9:14 Loom
17:07 Feudal Age
20:19 Man-at-Arms
30:10 Double-Bit Axe
30:47 Horse Collar
39:14 Castle Age
38:30 Padded Archer Armor
FeelsBatman69
22:55 Feudal Age
24:52 Wheelbarrow
25:57 Bloodlines
27:15 Scale Barding Armor
29:27 Forging
32:33 Castle Age
34:24 Husbandry
35:06 Hand Cart
38:57 Imperial Age
Krailor
12:03 Feudal Age
13:40 Horse Collar
20:14 Double-Bit Axe
23:23 Castle Age
22:05 Double-Bit Axe
34:39 Imperial Age
34:45 Wheelbarrow
33:56 Town Watch
34:31 Bow Saw
35:10 Heavy Plow
36:10 Grand Trunk Road
38:18 Hand Cart
37:49 Town Watch
39:53 Town Patrol
K ingaete 6787
0:34 Loom
10:48 Feudal Age
12:43 Bloodlines
15:15 Double-Bit Axe
16:07 Scale Barding Armor
20:30 Horse Collar
25:47 Castle Age
24:23 Stone Mining
27:54 Light Cavalry
32:13 Bow Saw
36:29 Steppe Husbandry
39:49 Imperial Age
38:47 Chain Barding Armor
38:18 Fletching
38:28 Padded Archer Armor
Connection lost

Rejoining the realm…

Still unreachable

The connection could not be restored.

Session expired

The server has moved on; the page needs a fresh start.